 Dungeon Crawl Stone Soup version 0.31-a0-879-g1609e0ac53 (webtiles) character file.

Game seed: 13354802714843041026

119 protoss039 the Digger (level 4, -1/33 HPs)
             Began as a Demonspawn Earth Elementalist on Oct 14, 2023.
             Succumbed to an orc's poison
             ... on level 3 of the Dungeon.
             The game lasted 00:02:24 (2153 turns).

protoss039 the Digger (DsEE)                        Turns: 2153, Time: 00:02:24

Health: -1/33      AC:  3    Str:  9    XL:     4   Next: 74%
Magic:  3/8        EV: 11    Int: 18    God:
Gold:   107        SH:  0    Dex: 13    Spells: 2/8 levels left

rFire   . . .        g - +0 rapier (venom)
rCold   . . .        (no shield)
rNeg    . . .        m - +0 leather armour
rPois   .            (no helmet)
rElec   .            (no cloak)
rCorr   .            (no gloves)
SInv    .            (no boots)
Will    .....        (no amulet)
Stlth   ++           (no ring)
HPRegen 0.25/turn    (no ring)
MPRegen 0.22/turn

%: guardian spirit
@: lethally poisoned (-1 -> -22), very slightly contaminated
A: magic shield, magic regeneration
a: no special abilities


You were on level 3 of the Dungeon.
You visited 1 branch of the dungeon, and saw 3 of its levels.

You collected 107 gold pieces.

Inventory:

Hand Weapons
 a - the +1 short sword "Onior" {freeze, *Rage rF+ Will+ MP+9 Str+2}
   (You found it on level 3 of the Dungeon)

   Str+2:     It affects your strength (+2).
   rF+:       It protects you from fire.
   Will+:     It increases your willpower.
   MP+9:      It affects your magic capacity (+9).
   *Rage:     It berserks you when you make melee attacks (+20% chance).
 g - a +0 rapier of venom (weapon)
Armour
 m - a +0 leather armour (worn)
Scrolls
 c - 3 scrolls of identify {unknown}
 i - a scroll of fog {unknown}
 k - a scroll of teleportation {unknown}
Potions
 b - a potion of magic
 d - 2 potions of resistance {unknown}
 e - a potion of heal wounds {unknown}
 f - a potion of mutation {unknown}
 h - a potion of invisibility {unknown}
 j - a potion of curing {unknown}
 l - a potion of enlightenment {unknown}
 n - a potion of might {unknown}


   Skills:
 + Level 2.1 Fighting
 - Level 1.7 Dodging
 - Level 1.7 Stealth
 + Level 2.9 Spellcasting
 * Level 1.6 Conjurations
 - Level 0.8 Transmutations
 + Level 3.4 Earth Magic


You had 2 spell levels left.
You knew the following spells:

 Your Spells              Type           Power      Damage    Failure   Level
a - Sandblast             Erth           30%        2d9       5%          1
b - Passwall              Tmut/Erth      8%         N/A       14%         2
c - Stone Arrow           Conj/Erth      22%        3d8       24%         3

Your spell library contained the following spells:

 Spells                   Type           Power      Damage    Failure   Level
 Brom's Barrelling Bould  Conj/Erth      11%        2d3       63%         4
 Petrify                  Tmut/Erth      10%        N/A       67%         4


Dungeon Overview and Level Annotations

Branches:
Dungeon (3/15) Zot: 15826

Altars:


Innate Abilities, Weirdness & Mutations

When hurt, damage is shared between your health and your magic reserves.
You regenerate magic rapidly.


Message History

Unknown command.
No target in view!
An orc is nearby!
An orc is nearby!
An orc is nearby!
Things that are here:
a +0 dagger; a +0 robe The orc hits you but does no damage.
You are poisoned.
You completely miss the orc.
You feel sick.
The orc hits you with a +2 dagger of venom.
You are more poisoned.
Unknown command.
You closely miss the orc.
You feel very sick.
The orc hits you with a +2 dagger of venom.
You are more poisoned.
Unknown command.
You are too injured to fight recklessly!
Unknown command.
You are too injured to fight recklessly!
Casting: Sandblast (safe; 5% risk of failure)
Confirm with . or Enter, or press ? or * to list all spells.
Aiming: Sandblast (safe; 5% risk of failure)
Press: ? - help, Shift-Dir - straight line, f - orc
Aim: an orc, wielding a +2 dagger of venom (82% to hit)
You miscast Sandblast.
You are very lightly contaminated with residual magic.
Nothing appears to happen.
* * * LOW HITPOINT WARNING * * *
You feel very sick. The orc hits you but does no damage.
Casting: Sandblast (safe; 5% risk of failure)
Confirm with . or Enter, or press ? or * to list all spells.
Aiming: Sandblast (safe; 5% risk of failure)
Press: ? - help, Shift-Dir - straight line, f/p - orc
Aim: an orc, wielding a +2 dagger of venom (82% to hit)
The blast of sand hits the orc!
You kill the orc!
You die...

≈≈≈~~~
~~P~~≈≈≈≈≈≈≈≈≈≈~~~~~
~~~~≈≈≈≈≈≈≈≈≈≈≈≈≈P♣~
~~~~≈≈≈≈≈≈≈≈≈≈≈~~~P
~~~~~~~≈≈≈≈≈≈≈~P♣~~ ♣ ♣~
~~P~~~~≈≈♣~~P~~~ #.♣~
♣~~~~~~~~~~P♣♣♣~
#..~♣♣))~♣~~P~~♣~~~~.
#..)@).~♣♣~♣~~♣♣.....
#.......##...........
...........###......#...
................###.#.##
................# #.....
......#.........###.....
......#.................
......#.....#######.....
#...... #.....


There were no monsters in sight!

Vanquished Creatures
  An orc priest (D:3)
  An orc wizard (D:3)
  3 adders
  2 worms (D:2)
  2 dart slugs
  5 orcs (D:3)
  3 ball pythons (D:1)
  2 bats
  An endoplasm (D:1)
  5 goblins
  2 kobolds
  A rat (D:2)
28 creatures vanquished.

Notes
Turn   | Place    | Note
-------+----------+-------------------------------------------
     0 | D:1      | protoss039 the Demonspawn Earth Elementalist began the
                  | quest for the Orb.
     0 | D:1      | Reached XP level 1. HP: 13/13 MP: 3/3
   316 | D:1      | Gained mutation: You regenerate magic rapidly. [demonic
                  | ancestry]
   316 | D:1      | Reached XP level 2. HP: 20/20 MP: 0/5
   685 | D:1      | Reached skill level 1 in Fighting
   685 | D:1      | Reached skill level 3 in Earth Magic
   749 | D:2      | Learned a level 2 spell: Passwall
   928 | D:2      | Reached XP level 3. HP: 18/26 MP: 4/6
  1819 | D:3      | Learned a level 3 spell: Stone Arrow
  1950 | D:3      | Identified the +1 short sword "Onior" {freeze, *Rage rF+
                  | Will+ MP+9 Str+2}
  2024 | D:3      | Reached skill level 1 in Conjurations
  2024 | D:3      | Gained mutation: When hurt, damage is shared between your
                  | health and your magic reserves. [demonic ancestry]
  2024 | D:3      | Reached XP level 4. HP: 22/33 MP: 5/8
  2153 | D:3      | Succumbed to an orc's poison

Illustrated notes

Levels and vault maps discovered:
D:1:      dpeg_arrival_arbitrary_c, layout_basic
D:2:      layout_basic
D:3:      layout_basic, mainiacjoe_overflow_brackets, serial_bayou_lake_a

Skill      XL: |  1  2  3 |
---------------+----------+-----
Fighting       | 1 2 |  2.1
Earth Magic    | 3 |  3.4
Conjurations   | 1 |  1.6
Dodging        | |  1.7
Stealth        | |  1.7
Spellcasting   | |  2.9
Transmutations | |  0.8

Action                     |  1- 3 |  4- 6 || total
---------------------------+-------+-------++-------
  Melee: Rapier            |    27 |    14 ||    41
         Punch             |       |     1 ||     1
   Cast: Sandblast         |    22 |     1 ||    23
   Stab: Sleeping          |     4 |       ||     4
 Armour: Robe              |     8 |       ||     8
         Leather armour    |    10 |    10 ||    20
  Dodge: Dodged            |    19 |     9 ||    28

Table legend: (Time is in decaauts)
 A = Elapsed time spent in this place.
 B = Non-inter-level travel time spent in this place.
 C = Inter-level travel time spent in this place.
 D = Time resting spent in this place.
 E = Time spent auto-exploring this place.
 F = Levels seen in this place.
 G = Mean time per level.
                   A        B        C        D        E       F      G
               +--------+--------+--------+--------+--------+-----+--------+
         Total |   2173 |   2093 |     80 |      0 |   1849 |   3 |  724.3 |
       Dungeon |   2173 |   2093 |     80 |      0 |   1849 |   3 |  724.3 |
               +--------+--------+--------+--------+--------+-----+--------+

Top non-repeatable levels by time:
     D:2: 1073 daAuts
     D:1: 751 daAuts
     D:3: 349 daAuts
